 Dungeon Crawl Stone Soup version 0.27-a0-1595-g0b823d0a13 (webtiles) character file.

Game seed: 14657332941133717655

49 Zonian the Conjurer (level 3, 0/17 HPs)
             Began as a Vine Stalker Conjurer on July 21, 2021.
             Shot with a stone by a goblin (1 damage)
             ... led by Robin
             ... on level 2 of the Dungeon.
             The game lasted 00:02:54 (2137 turns).

Zonian the Conjurer (Vine Stalker Conjurer)         Turns: 2137, Time: 00:02:56

Health: 0/17       AC:  2    Str:  9    XL:     3   Next: 75%
Magic:  0/7        EV: 12    Int: 18    God:
Gold:   54         SH:  0    Dex: 13    Spells: 3/6 levels left

rFire    . . .     SeeInvis .   k - +0 short sword (vorpal)
rCold    . . .     Faith    .   (no shield)
rNeg     . . .     Spirit   +   a - +0 robe
rPois    .         Reflect  .   (no helmet)
rElec    .         Harm     .   (no cloak)
rCorr    .         Rampage  .   (no gloves)
Will     .....                  (no boots)
Stlth    ++........             (no amulet)
HPRegen  0.05/turn              (no ring)
MPRegen  0.10/turn              (no ring)

@: no status effects
A: fangs 2, magic shield, antimagic bite, no potion heal 2
a: no special abilities


You were on level 2 of the Dungeon.
You visited 1 branch of the dungeon, and saw 2 of its levels.

You collected 54 gold pieces.

Inventory:

Hand Weapons
 j - a +0 whip
 k - a +0 vorpal short sword (weapon)
Armour
 a - a +0 robe (worn)
Jewellery
 d - a ring of fire
Scrolls
 h - a scroll of enchant weapon {unknown}
 i - a scroll of identify {unknown}
Potions
 c - a potion of haste
 e - a potion of mutation {unknown}
 f - a potion of cancellation {unknown}
 g - a potion of flight {unknown}


   Skills:
 + Level 0.4 Fighting
 + Level 0.1 Short Blades
 + Level 1.8 Dodging
 + Level 2.8 Stealth
 + Level 0.2 Unarmed Combat
 + Level 2.4 Spellcasting
 + Level 4.7 Conjurations


You had 3 spell levels left.
You knew the following spells:

 Your Spells              Type           Power      Damage    Failure   Level
a - Magic Dart            Conj           76%        1d6       2%          1
b - Searing Ray           Conj           38%        3d4       3%          2

Your spell library contained the following spells:

 Spells                   Type           Power      Damage    Failure   Level
 Dazzling Flash           Conj/Hex       20%        N/A       19%         3
 Fulminant Prism          Conj/Hex       5%         3d7       54%         4
 Iskenderun's Mystic Bla  Conj/Tloc      10%        2d4       54%         4


Dungeon Overview and Level Annotations

Branches:
Dungeon (2/15)

Altars:

Annotations:
D:2 Terence


Innate Abilities, Weirdness & Mutations

You have extremely sharp teeth.
When hurt, damage is shared between your health and your magic reserves.
Your bite disrupts and absorbs the magic of your enemies.
Potions cannot restore your health.


Message History

Press: ? - help, Shift-Dir - straight line, f - Robin
Aim: Robin, wielding a +0 spear, wearing a +0 animal skin and wearing a +1 helmet (lightly wounded, fast, 84% to hit)
The searing ray hits Robin!
Robin is severely wounded.
The searing ray misses the goblin. (Press . to maintain the ray.) Robin hits you with a +0 spear.
* * * LOW HITPOINT WARNING * * *
The searing ray hits Robin.
You kill Robin!
The searing ray hits the goblin!
You kill the goblin!
The goblin shoots a stone.
The stone hits you but does no damage.
Unknown command.
A goblin comes into view. It is wielding a +0 club.
Things that are here:
a +0 spear; a +0 animal skin; a +1 helmet The goblin shoots a stone.
The stone misses you.
You barely miss the goblin. The goblin hits you with a +0 club.
* * * LOW HITPOINT WARNING * * *
You completely miss the goblin. The goblin barely misses you.
You hit the goblin.
The goblin is severely wounded.
The goblin hits you with a +0 club.
* * * LOW HITPOINT WARNING * * *
You closely miss the goblin.
The goblin is severely wounded.
The goblin completely misses you.
Okay, then.
As you read the scroll labelled QAIM HAN ZUREM, it crumbles to dust.
It is a scroll of brand weapon.
Your +0 short sword emits a brilliant flash of light!
k - a +0 vorpal short sword (weapon)
The goblin no longer looks unusually strong.
The goblin closely misses you.
You barely miss the goblin. You bite the goblin.
You kill the goblin!
The goblin unwields a +0 club.
The goblin wields a +0 hunting sling.
The goblin shoots a stone.
The stone hits you.
You die... g ### g. ######.# gg.

. #...@)g# ....
.......####g# ......
.....######.#####.......
........)..gg......?...
.......####†.....#g.g..
..#.#.# ###.######..###
#...###.....# #..#
##...#....#.###.########
#......#...............


You could see 2 goblins.

Vanquished Creatures
  Robin (D:2)
  A worm (D:2)
  A dart slug (D:2)
  2 endoplasms
  5 giant cockroaches
  3 hobgoblins
  3 kobolds
  A quokka (D:1)
  A bat (D:2)
  8 goblins
  4 rats
30 creatures vanquished.

Notes
Turn   | Place    | Note
-------+----------+-------------------------------------------
     0 | D:1      | Zonian the Vine Stalker Conjurer began the quest for the
                  | Orb.
     0 | D:1      | Reached XP level 1. HP: 9/9 MP: 4/4
   308 | D:1      | Reached XP level 2. HP: 11/13 MP: 1/6
   311 | D:1      | Learned a level 2 spell: Searing Ray
   985 | D:2      | Noticed Terence
  1670 | D:2      | Reached XP level 3. HP: 2/16 MP: 0/7
  1973 | D:2      | Noticed Robin
  2129 | D:2      | Killed Robin
  2137 | D:2      | Shot with a stone by a goblin

Illustrated notes

Levels and vault maps discovered:
D:1:      zelgadis_glass_arrival_small, layout_basic, minmay_worlds_worst_comb
D:2:      layout_rooms, minmay_misc_feat_doors, uniq_robin, uniq_terence

Action                   || total
-------------------------++-------
Melee: Unarmed           ||    43
       Bite              ||    20
       Short sword       ||    38
       Whip              ||     1
 Cast: Magic Dart        ||    38
       Searing Ray       ||     2
  Use: Scroll            ||     1
 Stab: Sleeping          ||     2
Armor: Robe              ||    14
Dodge: Dodged            ||    47

Table legend: (Time is in decaauts)
 A = Elapsed time spent in this place.
 B = Non-inter-level travel time spent in this place.
 C = Inter-level travel time spent in this place.
 D = Time resting spent in this place.
 E = Time spent auto-exploring this place.
 F = Levels seen in this place.
 G = Mean time per level.
                   A        B        C        D        E       F      G
               +--------+--------+--------+--------+--------+-----+--------+
         Total |   2139 |   2122 |     17 |   1035 |    709 |   2 | 1069.5 |
       Dungeon |   2139 |   2122 |     17 |   1035 |    709 |   2 | 1069.5 |
               +--------+--------+--------+--------+--------+-----+--------+

Top non-repeatable levels by time:
     D:2: 1280 daAuts
     D:1: 859 daAuts
